 Dungeon Crawl Stone Soup version 0.25-a0-566-g062765be81 (webtiles) character file.

Game seed: 1930115961868881647, levelgen mode: deterministic

621 Flugslaktarn the Chopper (level 7, -4/64 HPs)
             Began as a Deep Dwarf Fighter on Feb 28, 2020.
             Slain by an ogre
             ... wielding a +0 giant club
              (11 damage)
             ... on level 4 of the Dungeon.
             The game lasted 00:01:19 (934 turns).

Flugslaktarn the Chopper (Deep Dwarf Fighter)        Turns: 934, Time: 00:01:19

Health: -4/64      AC:  7    Str: 21    XL:     7   Next: 22%
Magic:  0/0        EV:  7    Int:  9    God:
Gold:   57         SH: 10    Dex: 12    Spells: 6/6 levels left

rFire    . . .     SeeInvis .   a - +0 war axe
rCold    . . .     Gourm    .   c - +0 kite shield
rNeg     . . .     Faith    .   b - +0 scale mail
rPois    .         Spirit   .   (no helmet)
rElec    .         Reflect  .   (no cloak)
rCorr    .         Harm     .   (no gloves)
MR       +....                  (no boots)
Stlth    ..........             l - amulet of inaccuracy (curse)
HPRegen  0.00/turn              (no ring)
MPRegen  0.07/turn              (no ring)

@: non-regenerating
A: damage resistance, heal wounds, sense surroundings 1, no regeneration
a: Heal Wounds


You were on level 4 of the Dungeon.
You were not hungry.

You visited 1 branch of the dungeon, and saw 4 of its levels.

You collected 57 gold pieces.

Inventory:

Hand Weapons
 a - a +0 war axe (weapon)
Missiles
 j - a throwing net (quivered)
Armour
 b - a +0 scale mail (worn)
 c - a +0 kite shield (worn)
Jewellery
 l - a cursed amulet of inaccuracy (around neck)
   (You found it on level 2 of the Dungeon)
Scrolls
 f - a scroll of magic mapping
 k - a scroll of enchant armour {unknown}
 m - 3 scrolls of amnesia
 r - a scroll of identify
 w - a scroll of remove curse
 z - a scroll of blinking
Potions
 d - a potion of might
 h - a potion of mutation {unknown}
 i - a potion of lignification
 n - 3 potions of heal wounds
Comestibles
 e - 6 rations
 g - 11 chunks of flesh


   Skills:
 + Level 4.1 Fighting
 * Level 5.8 Axes
 + Level 5.0 Armour
 + Level 5.0 Shields


You had 6 spell levels left.
You didn't know any spells.
Your spell library was empty.

Dungeon Overview and Level Annotations

Branches:
Dungeon (4/15)
 Temple: D:4-7

Altars:
Nemelex Xobeh


Innate Abilities, Weirdness & Mutations

You are resistant to damage.
You can heal yourself by infusing magical energy.
You passively map a small area around you.
You do not regenerate.


Message History

The ogre is severely wounded.
You block the ogre's attack.
Your scale mail prevents you from hitting the ogre.
The ogre is severely wounded.
You block the ogre's attack.
You barely miss the ogre.
The ogre is severely wounded.
The ogre hits you with a +0 giant club!
You closely miss the ogre.
The ogre is severely wounded.
The ogre hits you with a +0 giant club!
* * * LOW HITPOINT WARNING * * *
You closely miss the ogre.
The ogre is severely wounded.
The ogre hits you with a +0 giant club!
* * * LOW HITPOINT WARNING * * *
You hit the ogre.
The ogre is almost dead.
The ogre hits you with a +0 giant club!
You die...

####### *
#.O@..#
#=...#.#.###
#... #.#...#
**
*#..###.###.#
#..
#.....#.## ..
,#######..# ,
, .
≈≈≈≈≈≈≈..# ,
,#######..# ,
,
..#!....#..#


You could see an ogre.

Vanquished Creatures
  Edmund (D:4)
  An ogre (D:4)
  A phantom (D:4)
  A howler monkey (D:4)
  2 hounds (D:4)
  2 orc wizards (D:4)
  A worker ant (D:4)
  2 hound skeletons (D:4)
  8 gnolls (D:4)
  4 adders
  An adder skeleton (D:4)
  A worm (D:4)
  4 orcs (D:4)
  A giant cockroach (D:4)
  2 goblins (D:2)
  A hobgoblin (D:3)
  5 kobolds
  3 quokkas (D:2)
  A bat (D:3)
  2 frilled lizards
44 creatures vanquished.

Notes
Turn   | Place    | Note
-------+----------+-------------------------------------------
     0 | D:1      | Flugslaktarn the Deep Dwarf Fighter began the quest for the
                  | Orb.
     0 | D:1      | Reached XP level 1. HP: 20/20 MP: 1/1
   154 | D:2      | Reached XP level 2. HP: 20/27 MP: 2/2
   370 | D:4      | Noticed a howler monkey
   380 | D:4      | Noticed a phantom
   389 | D:4      | Killed a howler monkey
   389 | D:4      | Reached XP level 3. HP: 33/34 MP: 3/3
   397 | D:4      | Reached XP level 4. HP: 34/42 MP: 4/4
   497 | D:4      | Killed a phantom
   497 | D:4      | Reached XP level 5. HP: 27/49 MP: 5/5
   544 | D:4      | Noticed Edmund
   590 | D:4      | Killed Edmund
   590 | D:4      | Reached skill level 5 in Axes
   590 | D:4      | Reached XP level 6. HP: 47/57 MP: 2/2
   662 | D:4      | Found a sparkling altar of Nemelex Xobeh.
   723 | D:4      | Reached XP level 7. HP: 51/64 MP: 3/3
   868 | D:4      | Reached skill level 5 in Armour
   874 | D:4      | Reached skill level 5 in Shields
   934 | D:4      | Slain by an ogre

Levels and vault maps discovered:
D:1:      lemuel_arrival_broad_hall, layout_rooms, serial_corexii_hall,
          corexii_hall_statues_x, corexii_hall_statues_u,
          corexii_hall_statues_i, chequers_hall_statues_y,
          hangedman_decor_opposing
D:2:      layout_rooms, zin_angel, elyvilon_altar_5
D:3:      layout_basic, lemuel_blue_sif_altar
D:4:      layout_rooms, kennysheep_little_box, grunt_decor_cap,
          nemelex_diamond_rough_becter, uniq_edmund

Skill      XL: |  1  2  3  4  5  6  7 |
---------------+----------------------+-----
Fighting       | 3 4 |  4.1
Axes           | 3 4 5 |  5.8
Armour         | 4 5 |  5.0
Shields        | 4 5 |  5.0

Action                   |  1- 3 |  4- 6 |  7- 9 || total
-------------------------+-------+-------+-------++-------
Melee: War axe           |    70 |   186 |    86 ||   342
 Abil: Heal Wounds       |     1 |     9 |     4 ||    14
  Use: Scroll            |     7 |       |       ||     7
  Eat: Chunk             |       |       |     1 ||     1
Armor: Scale mail        |    52 |    87 |    45 ||   184
Dodge: Dodged            |    32 |    92 |    21 ||   145
Block: Kite shield       |    61 |   120 |    38 ||   219

Table legend:
 A = Non-vault XP
 B = Vault XP
 C = Vault XP percentage of total XP
 D = Non-vault monster count
 E = Vault monster count
 F = Vault count percentage of total count
                 A         B        C        D         E       F
            +---------+---------+-------+---------+---------+-------
      Total |     731 |     157 |  17.7 |      43 |       1 |   2.3
            +---------+---------+-------+---------+---------+-------
        D:1 |       5 |       0 |   0.0 |       3 |       0 |   0.0
        D:2 |      15 |       0 |   0.0 |       8 |       0 |   0.0
        D:3 |      16 |       0 |   0.0 |       3 |       0 |   0.0
        D:4 |     695 |     157 |  18.4 |      29 |       1 |   3.3
            +---------+---------+-------+---------+---------+-------
